 Dungeon Crawl Stone Soup version 0.21-a0-618-g6cbd37f (webtiles) character file.

2149 luca467 the Skirmisher (level 9, -7/71 HPs)
             Began as a Mummy Chaos Knight on Dec 23, 2017.
             Mangled by Squigly's ghost (15 damage)
             ... on level 6 of the Dungeon.
             The game lasted 00:15:58 (5492 turns).

luca467 the Skirmisher (Mummy Chaos Knight)         Turns: 5492, Time: 00:15:59

Health: -7/71      AC: 13    Str: 16    XL:     9   Next: 10%
Magic:  12/12      EV: 10    Int: 11    God:    Xom [*.....]
Gold:   425        SH:  0    Dex: 14    Spells: 8/13 levels left

rFire    + . .     SeeInvis .   h - +2 quarterstaff (chaos)
rCold    . . .     Gourm    .   (shield currently unavailable)
rNeg     + + +     Faith    .   k - +5 ring mail {rF+}
rPois    ∞         Spirit   .   (no helmet)
rElec    .         Reflect  .   l - +2 cloak
rCorr    .         Harm     .   (no gloves)
MR       +....                  (no boots)
Stlth    +.........             (no amulet)
HPRegen  0.21/turn              m - ring of fire
MPRegen  0.13/turn              (no ring)

@: no status effects
A: no food or potions, fire vulnerability, cold resistance 1, negative energy
resistance 3, torment resistance, unbreathing
a: Renounce Religion


You were on level 6 of the Dungeon.
You worshipped Xom.
You were a special plaything of Xom.
You were not hungry.

You visited 1 branch of the dungeon, and saw 6 of its levels.

You collected 425 gold pieces.

Inventory:

Hand Weapons
 e - a +1 morningstar of draining
 h - a +2 quarterstaff of chaos (weapon)
Armour
 k - a +5 ring mail of fire resistance (worn)
 l - a +2 cloak (worn)
Jewellery
 m - a ring of fire (left hand)
Wands
 b - a wand of paralysis (7)
 d - a wand of iceblast (12)
 i - a wand of digging (17)
Scrolls
 a - a scroll of identify
 c - 2 scrolls of fear
 f - a scroll of amnesia
 g - 4 scrolls of teleportation
 p - a scroll of fog
 r - a scroll of enchant armour
Books
 j - a book of Debilitation

   Spells                             Type                      Level
   a - Corona                         Hexes                        1
   b - Slow                           Hexes                        2
   c - Inner Flame                    Hexes/Fire                   3
   d - Portal Projectile              Hexes/Translocation          3
   e - Cause Fear                     Hexes                        4
   f - Leda's Liquefaction            Hexes/Earth                  4
 n - a book of Power

   Spells                             Type                      Level
   a - Iskenderun's Battlesphere      Conjuration/Charms           5
   b - Venom Bolt                     Conjuration/Poison           5
   c - Bolt of Magma                  Conjuration/Fire/Earth       5
   d - Iron Shot                      Conjuration/Earth            6
   e - Orb of Destruction             Conjuration                  7
   f - Spellforged Servitor           Conjuration/Summoning        7
Miscellaneous
 o - a box of beasts


   Skills:
 + Level 6.6 Fighting
   Level 4.7(6.0) Polearms
 * Level 5.6(6.4) Staves
 - Level 1.5 Armour
 - Level 0.7 Dodging
 + Level 2.6 Spellcasting
 + Level 1.3 Conjurations
 - Level 4.1 Evocations


You had 8 spell levels left.
You knew the following spells:

 Your Spells              Type           Power        Failure   Level  Hunger
a - Bolt of Magma         Conj/Fire/Erth #.........   100%        5    N/A

Dungeon Overview and Level Annotations

Branches:
Dungeon (6/15)             Temple (0/1) D:5

Altars:
Fedhas
Nemelex Xobeh
Okawaru
Qazlal
Sif Muna
Uskayaw
Wu Jian
Xom

Annotations:
D:4 2 runed doors
D:6 Squigly's ghost, novice MiBe


Innate Abilities, Weirdness & Mutations

You do not eat or drink.
Your flesh is vulnerable to fire.
You are immune to poison.
Your flesh is cold resistant. (rC+)
You are immune to negative energy. (rN+++)
You are immune to unholy pain and torment.
You can survive without breathing.


Message History

Squigly's ghost seems to speed up.
Squigly's ghost screams, "You will join me soon!"
Squigly's ghost hits you! The orc hits you but does no damage.
Squigly's ghost closely misses you.
You sock Squigly's ghost!
Nothing appears to happen.
Squigly's ghost is lightly damaged.
Squigly's ghost hits you! The orc hits you with a whip.
You are too injured to fight recklessly!
You are too injured to fight recklessly!
You are too injured to fight recklessly!
Unknown command.
Squigly's ghost hits you!
* * * LOW HITPOINT WARNING * * *
As you read the scroll of teleportation, it crumbles to dust.
You feel strangely unstable. Squigly's ghost closely misses you.
Unknown command.
As you read the scroll of teleportation, it crumbles to dust.
You feel strangely stable. Squigly's ghost hits you!
You die...
Xom roars with laughter!

###.##.#
#......#
####.#.####
#.≈..#†##
#....#(.# #
#..(.##.###.##.o
#....'........."
#....###.##....
##...# #.@# .
#...# ##W# #####
#o).?....
##..####. ..#
.># ... .$..
$....


You could see Squigly's ghost and an orc.

Vanquished Creatures
  A two-headed ogre (D:4)
  A hungry ghost (D:5)
  An orc warrior (D:3)
  A sky beast (D:5)
  3 ogres
  A phantom (D:4)
  The ghost of Feta the Firebug, an amateur DgFE (D:3)
  A howler monkey (D:4)
  2 centaur skeletons (D:4)
  3 hounds
  A jelly (D:5)
  Crazy Yiuf (D:3)
  A bullfrog skeleton (D:4)
  Ijyb (D:3)
  Jessica (D:3)
  2 iguanas
  Natasha (thrice) (D:3)
  2 orc wizards
  A worker ant (D:4)
  A hound zombie (D:6)
  6 adders
  2 shadow imps (D:6)
  A dart slug (D:1)
  5 leopard geckos
  17 orcs
  A giant cockroach (D:1)
  9 goblins
  13 hobgoblins
  11 jackals
  7 kobolds
  A ball python (D:1)
  2 bats (D:1)
  3 frilled lizards
  A leopard gecko zombie (D:4)
  6 rats
114 creatures vanquished.

Vanquished Creatures (collateral kills)
  A sky beast (D:6)
1 creature vanquished.

Grand Total: 115 creatures vanquished

Notes
Turn   | Place    | Note
-------+----------+-------------------------------------------
     0 | D:1      | luca467 the Mummy Chaos Knight began the quest for the Orb.
     0 | D:1      | Reached XP level 1. HP: 18/18 MP: 1/1
   189 | D:1      | XOM: divination: detect creatures
   190 | D:1      | Reached XP level 2. HP: 23/24 MP: 2/2
   192 | D:1      | XOM: harmless Ice miscast
   266 | D:1      | XOM: harmless Tmut miscast
   386 | D:1      | XOM: smoke on damage
   408 | D:1      | XOM: silly message
   497 | D:1      | XOM: god gift: 23 gold pieces
   510 | D:1      | Reached XP level 3. HP: 20/29 MP: 3/3
   976 | D:2      | Found an ornate altar of the Wu Jian Council.
  1102 | D:2      | XOM is BORED!
  1102 | D:2      | XOM: blink monster(s)
  1221 | D:2      | Found a shimmering altar of Xom.
  1302 | D:2      | Found a shimmering altar of Xom.
  1304 | D:2      | Found a shimmering altar of Xom.
  1304 | D:2      | Found a shimmering altar of Xom.
  1305 | D:2      | Found a shimmering altar of Xom.
  1306 | D:2      | Found a shimmering altar of Xom.
  1515 | D:2      | XOM: cloud trail
  1519 | D:2      | You fall through a shaft for 2 floors!
  1559 | D:3      | Reached XP level 4. HP: 18/37 MP: 4/4
  1890 | D:3      | Found a blossoming altar of Fedhas.
  1908 | D:3      | Noticed Natasha
  1915 | D:3      | Killed Natasha
  2031 | D:3      | Noticed Natasha
  2046 | D:3      | Killed Natasha
  2046 | D:3      | Reached skill level 1 in Evocations
  2072 | D:3      | Noticed Feta's ghost (amateur DgFE)
  2078 | D:3      | Noticed Jessica
  2085 | D:2      | Noticed a dagger
  2087 | D:2      | Noticed a dagger
  2089 | D:2      | Found a hide-covered altar of Uskayaw.
  2313 | D:3      | Reached XP level 5. HP: 42/42 MP: 5/5
  2326 | D:3      | Noticed Natasha
  2326 | D:3      | XOM: potion effect (agility)
  2337 | D:3      | Killed Natasha
  2337 | D:3      | Reached skill level 4 in Fighting
  2384 | D:3      | XOM: noise
  2388 | D:3      | Killed Jessica
  2417 | D:3      | XOM: potion effect (curing)
  2421 | D:3      | Killed Feta's ghost
  2421 | D:3      | Reached XP level 6. HP: 30/48 MP: 7/7
  2589 | D:3      | Noticed Ijyb
  2590 | D:3      | XOM: divination: detect items
  2595 | D:3      | Killed Ijyb
  2862 | D:3      | Found a stormy altar of Qazlal.
  2863 | D:3      | Found an iron altar of Okawaru.
  2864 | D:3      | Found a sparkling altar of Nemelex Xobeh.
  2867 | D:3      | Found a deep blue altar of Sif Muna.
  2934 | D:3      | Found a runed door.
  2938 | D:3      | Noticed Crazy Yiuf
  2944 | D:3      | Killed Crazy Yiuf
  3062 | D:3      | XOM: silly message
  3222 | D:3      | XOM: divination: detect items
  3240 | D:3      | XOM: harmless Hex miscast
  3338 | D:3      | XOM: god gift: 18 gold pieces
  3339 | D:4      | Noticed an orc warrior
  3446 | D:4      | Reached skill level 1 in Staves
  3476 | D:4      | XOM: mild Tloc miscast
  3538 | D:4      | XOM: polymorph orc warrior -> orc warrior
  3540 | D:3      | XOM: potion effect (brilliance)
  3545 | D:3      | Killed an orc warrior
  3545 | D:3      | Reached XP level 7. HP: 49/55 MP: 8/8
  3632 | D:4      | Found a large runed door.
  3632 | D:4      | Found a large runed door.
  3647 | D:4      | XOM: cloud trail
  3658 | D:4      | Found a large runed door.
  3658 | D:4      | Found a large runed door.
  3701 | D:4      | XOM: harmless Tmut miscast
  3734 | D:4      | Reached skill level 5 in Fighting
  3907 | D:4      | XOM: scenery: 1 doors open, 1 doors close
  4198 | D:4      | XOM: god gift: 7 rations
  4213 | D:4      | Noticed a two-headed ogre
  4213 | D:4      | XOM: fog
  4223 | D:4      | Killed a two-headed ogre
  4223 | D:4      | Reached skill level 6 in Fighting
  4223 | D:4      | Reached XP level 8. HP: 64/64 MP: 10/10
  4404 | D:4      | Learned a level 5 spell: Bolt of Magma
  4428 | D:5      | Entered Level 5 of the Dungeon
  4564 | D:5      | Found a staircase to the Ecumenical Temple.
  4783 | D:5      | XOM: 6-stop teleportation journey
  4932 | D:5      | XOM: cloud trail
  4961 | D:5      | Reached skill level 1 in Spellcasting
  5163 | D:5      | Reached skill level 5 in Staves
  5389 | D:6      | Reached skill level 1 in Conjurations
  5414 | D:6      | XOM: cast spell 'Summon Ice Beast'
  5431 | D:6      | Reached XP level 9. HP: 71/71 MP: 12/12
  5478 | D:6      | Noticed Squigly's ghost (novice MiBe)
  5492 | D:6      | Mangled by Squigly's ghost

Vault maps used:
D:1:      lemuel_arrival_lava_pool
D:2:      minmay_diamond_boxcup, marbit_many_paths, dancing_weapons_uskayaw,
          xom_redecorated
D:3:      wad_pebble_path, old_standard_altar, minitemple,
          kennysheep_nondescript, chequers_big_river, uniq_natasha,
          uniq_jessica, uniq_crazy_yiuf_cottage, uniq_ijyb
D:4:      first_ration, minmay_hollow_rounded_squares
D:5:      temple_hall, minmay_misc_feat_diagonals, minmay_small_thing
D:6:      enter_ossuary_3

Skill      XL: |  1  2  3  4  5  6  7  8 |
---------------+-------------------------+-----
Polearms       | 3 4 |  4.7
Evocations     | 1 2 3 4 |  4.1
Fighting       | 4 6 |  6.6
Staves         | 1 4 5 |  5.6
Spellcasting   | 2 |  2.6
Conjurations   | 1 |  1.3
Armour         | |  1.5
Dodging        | |  0.7

Action                   |  1- 3 |  4- 6 |  7- 9 || total
-------------------------+-------+-------+-------++-------
Melee: Spear             |   119 |   111 |       ||   230
       Quarterstaff      |       |    30 |   140 ||   170
Evoke: Wand              |       |     3 |     2 ||     5
  Use: Scroll            |     5 |     8 |     4 ||    17
 Stab: Paralysed         |       |     1 |     6 ||     7
       Confused          |       |       |     1 ||     1
Armor: Leather armour    |    26 |     8 |       ||    34
       Ring mail         |       |    14 |    70 ||    84
Dodge: Dodged            |    48 |    58 |    52 ||   158

Table legend:
 A = Spawn XP
 B = Non-spawn XP
 C = Spawn XP percentage of total XP
 D = Spawn monster count
 E = Non-spawn monster count
 F = Spawn count percentage of total count
 G = Total turns spent on level
                    A         B        C        D         E        F      G
               +---------+---------+-------+---------+---------+-------+---------
         Total |       0 |    3071 |   0.0 |       0 |     115 |   0.0 |  5492
               +---------+---------+-------+---------+---------+-------+---------
           D:1 |       0 |      52 |   0.0 |       0 |      29 |   0.0 |   935
           D:2 |       0 |      34 |   0.0 |       0 |      13 |   0.0 |   805
           D:3 |       0 |     536 |   0.0 |       0 |      27 |   0.0 |  1753
           D:4 |       0 |    1508 |   0.0 |       0 |      21 |   0.0 |   935
           D:5 |       0 |     571 |   0.0 |       0 |      10 |   0.0 |   955
           D:6 |       0 |     370 |   0.0 |       0 |      15 |   0.0 |   109
               +---------+---------+-------+---------+---------+-------+---------
